 Dungeon Crawl Stone Soup version 0.31.0-12-g77e489cdc1 (console) character file.

Game seed: 14682789318278202289

83 AlterAsc the Chopper (level 4, -1/39 HPs)
             Began as a Hill Orc Fighter on Feb 11, 2024.
             Was a Follower of Zin.
             Killed by nerve-wracking pain
             ... invoked by Jessica
              (9 damage)
             ... on level 3 of the Dungeon.
             The game lasted 00:04:00 (1662 turns).

AlterAsc the Chopper (Hill Orc Fighter)             Turns: 1662, Time: 00:04:01

Health: -1/39      AC:  9    Str: 20    XL:     4   Next: 44%
Magic:  5/5        EV:  9    Int:  8    God:    Zin [*.....]
Gold:   107        SH:  4    Dex: 10    Spells: 3/3 levels left

rFire   + + .        a - +0 war axe
rCold   x . .        c - +0 buckler
rNeg    . . .        k - +0 fire dragon scales
rPois   .            (no helmet)
rElec   .            (no cloak)
rCorr   .            (no gloves)
SInv    .            (no boots)
Will    .....        (no amulet) Stlth
                     (no ring)
HPRegen 0.26/turn    (no ring)
MPRegen 0.09/turn

%: no passive effects
@: slowed, very slow
A: no striking features
a: Renounce Religion, Recite, Donate Gold


You were on level 3 of the Dungeon.
You worshipped Zin.
Zin was aware of your devotion.
You visited 1 branch of the dungeon, and saw 3 of its levels.

You collected 118 gold pieces.
You donated 11 gold pieces to Zin.

Inventory:

Hand Weapons
 a - a +0 war axe (weapon)
 e - a +2 flail of holy wrath
Missiles
 i - 7 poisoned darts (quivered)
 o - 5 atropa-tipped darts
Armour
 b - a +0 scale mail
 c - a +0 buckler (worn)
 h - a +0 chain mail
 k - +0 fire dragon scales (worn)
Scrolls
 f - 3 scrolls of identify {unknown}
 g - 2 scrolls of teleportation {unknown}
 j - a scroll of blinking {unknown}
 l - a scroll of poison {unknown}
 m - 2 scrolls of vulnerability {unknown}
 q - a scroll of immolation {unknown}
Potions
 d - a potion of might
 n - a potion of cancellation {unknown}
 p - a potion of curing


   Skills:
 - Level 3.6 Fighting
 + Level 5.6 Axes
 - Level 3.2 Armour
 - Level 3.2 Shields
 + Level 1.9 Invocations


You had 3 spell levels left.
You didn't know any spells.
Your spell library contained the following spells:

 Spells                   Type           Power      Damage    Failure   Level
 Ensorcelled Hibernation  Hex/Ice        0%         N/A       96%         2
 Passwall                 Erth           0%         N/A       99%         3
 Swiftness                Air            0%         N/A       99%         3


Dungeon Overview and Level Annotations

Branches:
Dungeon (3/15)

Altars:
Zin

Annotations:
D:3 Jessica


Message History

Jessica casts a spell at you. Pain shoots through your body!
* * * LOW HITPOINT WARNING * * *
You feel better.
Jessica mumbles some strange words.
Jessica seems to speed up.
You closely miss Jessica.
Jessica is heavily wounded.
Jessica gestures wildly while chanting.
Jessica blinks!
Jessica gestures wildly while chanting.
Jessica blinks!
Found 11 gold pieces.
Jessica gestures at you while chanting.
You barely resist. You hit the endoplasm.
The endoplasm is moderately wounded.
The endoplasm hits you but does no damage.
You hit the endoplasm.
The endoplasm is severely wounded.
The endoplasm freezes you.
You are frozen.
You feel a terrible chill!
Jessica points at you and mumbles some strange words.
Pain shoots through your body!
You hit Jessica.
Jessica is severely wounded.
You hit the endoplasm but do no damage. Jessica barely misses you.
The endoplasm hits you.
Jessica points at you and mumbles some strange words.
You feel yourself slow down.
The endoplasm hits you but does no damage.
Unknown command.
You barely miss Jessica.
Jessica is severely wounded.
You hit the endoplasm.
You kill the endoplasm!
Jessica hits you with a +0 dagger.
* * * LOW HITPOINT WARNING * * *
Jessica casts a spell at you. Pain shoots through your body!
You die...

##....# . #.....#
##.#≈#.#
##...≈#.#.# ##
##!...≈#.#.#
...##.....≈....#
..........≈..#.#
.........~≈.....
...........≈...#.
..<.......@..#.#.
.........@.......
%.............##.
........$..>.#
................
...##........##.
### ####...#.#
##.$... .#..##


You could see Jessica (fast).

Vanquished Creatures
  2 adders
  A dart slug (D:1)
  An orc (D:3)
  9 bats
  6 endoplasms
  2 giant cockroaches
  9 goblins
  3 hobgoblins
  7 kobolds
  2 quokkas
  7 ball pythons
  5 frilled lizards
  2 rats
56 creatures vanquished.

Notes
Turn   | Place    | Note
-------+----------+-------------------------------------------
     0 | D:1      | AlterAsc the Hill Orc Fighter began the quest for the Orb.
     0 | D:1      | Reached XP level 1. HP: 19/19 MP: 1/1
    51 | D:1      | Reached skill level 3 in Axes
   158 | D:1      | Reached XP level 2. HP: 26/26 MP: 2/2
   237 | D:1      | Reached skill level 4 in Axes
   396 | D:1      | Reached XP level 3. HP: 26/31 MP: 3/3
   723 | D:2      | Found a glowing silver altar of Zin.
   730 | D:2      | Became a worshipper of Zin the Law-Giver
   789 | D:2      | Reached skill level 5 in Axes
   878 | D:2      | Reached skill level 1 in Invocations
  1049 | D:2      | Reached * piety under Zin
  1067 | D:2      | Reached XP level 4. HP: 39/39 MP: 4/4
  1644 | D:3      | Noticed Jessica
  1662 | D:3      | Killed from afar by Jessica

Illustrated notes

Levels and vault maps discovered:
D:1:      denvon_arrival_waterhouse, layout_loops_ring
D:2:      layout_rooms, basic_altar, kennysheep_path_1
D:3:      wad_crossroads, layout_rooms, shapermc_ecumenical_altar_hornbeckon,
          chequers_serial_rivers_micro_e, hangedman_abyss_or_decor_lesser_grid,
          uniq_jessica

Skill      XL: |  1  2  3 |
---------------+----------+-----
Axes           | 3 4 5 |  5.6
Invocations    | 1 |  1.9
Fighting       | |  3.6
Armour         | |  3.2
Shields        | |  3.2

Action                     |  1- 3 |  4- 6 || total
---------------------------+-------+-------++-------
  Melee: War axe           |   115 |    39 ||   154
 Invoke: Recite            |       |     1 ||     1
    Use: Potion            |       |     2 ||     2
 Armour: Scale mail        |    29 |       ||    29
         Chain mail        |    61 |     9 ||    70
         Fire dragon scale |       |    25 ||    25
  Dodge: Dodged            |    51 |    27 ||    78
  Block: Buckler           |    47 |     6 ||    53
